[Event "*** Titled Tuesday Blitz"]
[Site "Chess.com"]
[Date "2021.02.09"]
[Round "2"]
[White "Nils_03"]
[Black "TigranMukhutdinov"]
[Result "0-1"]
[WhiteElo "2328"]
[BlackElo "2606"]
[TimeControl "180+1"]
[EndTime "10:17:38 PST"]
[Termination "TigranMukhutdinov won by resignation"]

1. e4 c5 2. f4 Nc6 3. Nf3 d6 4. Bb5 Bd7 5. d3 g6 6. O-O Bg7 7. Nc3 Nd4 8. Bxd7+ Qxd7 9. Nxd4 Bxd4+ 10. Kh1 f5 11. exf5 Qxf5 12. Qf3 O-O-O 13. Nb5 a6 14.
Nxd4 cxd4 15. Bd2 Nf6 16. Rfe1 Rd7 17. c3 dxc3 18. Rac1 Kb8 19. Rxc3 Qd5 20. Qh3 Qf5 21. Qf3 Rc8 22. Rxc8+ Kxc8 23. Rc1+ Rc7 24. Re1 Kb8 25.
Bc3 Nd5 26. Bd4 Rc2 27. Qe4 Qxe4 28. dxe4 Nxf4 29. e5 Nd3 30. Rd1 dxe5 31. Be3 e4 32. h4 Rxb2 33. a4 Ra2 34. Rf1 Rxa4 35. Rf8+ Kc7 36. Rf7 Kd7 37. Rxh7 Ra1+ 38. Kh2 Kd6 39.
Rg7 Ne5 40. Bd4 Rd1 41. Bxe5+ Kxe5 42. Rxg6 e3 43. Rg3 Ke4 44. Rxe3+ Kxe3 45. h5 Kf4 46. h6 Kg5 47. h7 Rd8 48. g4 Rh8 49. Kg3 Rxh7 0-1

[Event "*** Titled Tuesday Blitz"]
[Site "Chess.com"]
[Date "2021.02.09"]
[Round "2"]
[White "Taktikmonster"]
[Black "Hypercar"]
[Result "0-1"]
[WhiteElo "2284"]
[BlackElo "2508"]
[TimeControl "180+1"]
[EndTime "10:17:38 PST"]
[Termination "Hypercar won by resignation"]

1. e4 c6 2. d4 d5 3. e5 c5 4. dxc5 Nc6 5. Nf3 Bg4 6. Bb5 e6 7. Be3 Ne7 8. c3 Nf5 9. Bd4 Qc7 10. O-O O-O-O 11. Bxc6 Qxc6 12. Nbd2 Bxc5 13. Bxc5 Qxc5 14. h3 Bxf3 15. Nxf3 h6 16. a4 Kb8 17. a5 d4 18.
Qb3 d3 19. Rfd1 Rd7 20. Rd2 Rhd8 21. a6 b6 22. Rad1 Qc6 23. Ne1 Qe4 24. Qb5 Rd5 25. Qc6 Rxe5 26. Qxe4 Rxe4 27. Nxd3 Ra4 28. Nb4 Rxd2 29.
Rxd2 Ra1+ 30. Kh2 Kc7 31. g4 Nh4 32. Kg3 g5 33. Nd3 f6 34. f4 Rxa6 35. fxg5 hxg5 36.
Nb4 Ra1 37. Re2 Rg1+ 38. Kf2 Rg2+ 39. Ke3 Rxe2+ 40. Kxe2 Ng6 41. Ke3 Nf4 42. h4 Ng2+ 43. Ke4 Nxh4 44. Nd3 Ng6 45. b4 Ne7 46. c4 Nc6 47. b5 Na5 48. Nb4 Nxc4 49. Kd4 Nd6 50. Kd3 Nxb5 51. Nc2 Kd6 52. Ne3 Ke5 53. Nc4+ Kf4 54.
Ne3 f5 55. gxf5 exf5 56. Nd5+ Kf3 57. Kc4 Nd6+ 0-1

[Event "*** Titled Tuesday Blitz"]
[Site "Chess.com"]
[Date "2021.02.09"]
[Round "2"]
[White "ChelsieMonica"]
[Black "Pertinhez76"]
[Result "0-1"]
[WhiteElo "2347"]
[BlackElo "1985"]
[TimeControl "180+1"]
[EndTime "10:17:39 PST"]
[Termination "Pertinhez76 won by resignation"]

1. e4 e6 2. d4 d5 3. Nd2 Nf6 4. e5 Nfd7 5. c3 c5 6. Bd3 Nc6 7. Ne2 cxd4 8. cxd4 f6 9. exf6 Nxf6 10. Nf3 Bd6 11. O-O Qc7 12. Bg5 O-O 13. Rc1 h6 14.
Bh4 Nh5 15. Bb1 Rxf3 16. gxf3 Bxh2+ 17. Kh1 g5 18. Bg3 Bxg3 19. fxg3 Nxg3+ 20. Nxg3 Qxg3 21. Rc2 Bd7 22. Rg2 Qf4 23. Rg4 Qf7 24. f4 e5 25. f5 Nxd4 26. Qe1 Qf6 27. Qh4 Kh7 28. Qh2 Re8 29. Kg2 e4 30. Qc7 Re7 31. Qc5 Bxf5 32. Qxd5 Kg6 33. Rg3 g4 34. Qg8+ Rg7 35. Qc4 h5 36.
Rh1 h4 37. Rxg4+ Bxg4 38. Bxe4+ Bf5 39. Qd3 Kf7+ 0-1

[Event "*** Titled Tuesday Blitz"]
[Site "Chess.com"]
[Date "2021.02.09"]
[Round "2"]
[White "Keranke"]
[Black "Srisshhhtea"]
[Result "1-0"]
[WhiteElo "2816"]
[BlackElo "2506"]
[TimeControl "180+1"]
[EndTime "10:17:40 PST"]
[Termination "Keranke won by checkmate"]

1. d4 d5 2. Bf4 Nf6 3. e3 e6 4. Nf3 Bd6 5. Ne5 Nbd7 6. Bd3 O-O 7. Nd2 Qe7 8. g4 c5 9. g5 Ne8 10. Qh5 g6 11. Qf3 c4 12. Be2 f6 13. gxf6 Nexf6 14.
Qg3 Bxe5 15. dxe5 Ne8 16. h4 Ng7 17. h5 Nf5 18. Qg2 Qg7 19. hxg6 hxg6 20. Nf3 Nc5 21. Ng5 Bd7 22. O-O-O c3 23. Rh7 cxb2+ 24. Kxb2 Qxh7 25. Nxh7 Kxh7 26. Bg4 Kg7 27. Bxf5 Rxf5 28. Rh1 Rg8 29. Qh3 Kf7 30. Qh7+ Rg7 31. Qh8 g5 32. Rh7 Rxh7 33. Qxh7+ Ke8 34. Qg8+ Rf8 35. Qxg5 Ne4 36. Qh4 Bc6 37.
f3 Nc5 38. Bg5 Kd7 39. Qh7+ Kc8 40. Be7 Na4+ 41. Kc1 Rxf3 42. Bd6 Rf1+ 43. Kd2 Kd8 44. Qe7+ Kc8 45. Qc7# 1-0

[Event "*** Titled Tuesday Blitz"]
[Site "Chess.com"]
[Date "2021.02.09"]
[Round "2"]
[White "louis198"]
[Black "mishanick"]
[Result "0-1"]
[WhiteElo "2559"]
[BlackElo "2938"]
[TimeControl "180+1"]
[EndTime "10:17:41 PST"]
[Termination "mishanick won by resignation"]

1. d4 Nf6 2. c4 e6 3. Nc3 Bb4 4.
Qb3 c5 5. e3 O-O 6. Bd3 Nc6 7.
Ne2 cxd4 8. exd4 d5 9. c5 b6 10. cxb6 axb6 11. O-O Bd6 12. h3 Bd7 13. Nb5 Na5 14. Qd1 Bb8 15. b3 Ne4 16. Ba3 Re8 17. Rc1 Qf6 18. Bxe4 Bxb5 19. Bd3 Bd7 20. Bb4 Nc6 21.
Qd2 Nxb4 22. Qxb4 Rxa2 23. Qxb6 h5 24. Qb7 Ra7 25. Qb4 h4 26. Bb1 e5 27. Rc3 exd4 28. Rf3 Qe5 29. Re1 Bd6 30. Qd2 Qh2+ 31. Kf1 Bb5 32.
Bd3 Rae7 33. Bxb5 Qh1+ 34. Ng1 Rxe1+ 35. Qxe1 Rxe1+ 36. Kxe1 Qxg1+ 37. Bf1 Bc5 38. Rd3 Qh2 39. Ke2 Qf4 0-1

[Event "*** Titled Tuesday Blitz"]
[Site "Chess.com"]
[Date "2021.02.09"]
[Round "2"]
[White "Yaacovn"]
[Black "Gerodot71"]
[Result "1-0"]
[WhiteElo "2842"]
[BlackElo "2516"]
[TimeControl "180+1"]
[EndTime "10:17:43 PST"]
[Termination "Yaacovn won on time"]

1. d4 Nf6 2. e3 d5 3. Bd3 c5 4. c3 Nc6 5. f4 g6 6. Nf3 Bg7 7. O-O O-O 8. Nbd2 b6 9. Ne5 Bb7 10.
b3 Nd7 11. Ba3 Rc8 12. Qf3 e6 13. Qh3 Qe7 14. Ndf3 f6 15. Nxg6 hxg6 16. Bxg6 Rfd8 17. Ng5 Nf8 18. Bf7+ Qxf7 19. Nxf7 Kxf7 20. dxc5 f5 21. cxb6 axb6 22. g4 fxg4 23. Qxg4 Bxc3 24. f5 e5 25. Rf3 Bxa1 26. Qh5+ Kf6 27. Rg3 Rd7 28. Rg6+ Kf7 29. Rxc6+ Kg8 30. Rxc8 Bxc8 31. Qe8 1-0

[Event "*** Titled Tuesday Blitz"]
[Site "Chess.com"]
[Date "2021.02.09"]
[Round "2"]
[White "ohajek96"]
[Black "Legendinunknown"]
[Result "0-1"]
[WhiteElo "2256"]
[BlackElo "2610"]
[TimeControl "180+1"]
[EndTime "10:17:43 PST"]
[Termination "Legendinunknown won on time"]

1. e4 e5 2. Nf3 Nc6 3. Bb5 a6 4. Bxc6 dxc6 5. Nc3 f6 6. d4 exd4 7. Qxd4 Qxd4 8. Nxd4 Bd7 9. Be3 O-O-O 10. O-O-O Bd6 11. Nb3 Ne7 12. Nc5 Ng6 13. Nxd7 Rxd7 14. f3 Rhd8 15. Ne2 Nh4 16. Rhg1 Nxg2 17. Rxg2 Bf4 18. Rxd7 Bxe3+ 19. Kd1 Rxd7+ 20. Ke1 Rd2 21. Rxg7 Rxc2 22. Rxh7 Rxb2 23. Kf1 Rxa2 24. h4 b5 25. h5 b4 26. h6 Kb7 27.
Rh8 Bxh6 28. Rxh6 b3 0-1

[Event "*** Titled Tuesday Blitz"]
[Site "Chess.com"]
[Date "2021.02.09"]
[Round "2"]
[White "KNCP_719"]
[Black "pavlitas17"]
[Result "1-0"]
[WhiteElo "2595"]
[BlackElo "2312"]
[TimeControl "180+1"]
[EndTime "10:17:44 PST"]
[Termination "KNCP_719 won by checkmate"]

1. e4 c5 2. b3 Nf6 3. e5 Nd5 4. Bb2 Nc6 5. Nf3 d6 6. Bb5 Bd7 7. Bxc6 Bxc6 8. exd6 Qxd6 9. O-O e6 10.
Nc3 Nxc3 11. Bxc3 O-O-O 12. Re1 Be7 13. a4 f6 14. Qe2 e5 15. d3 Qd7 16. a5 g5 17. Nd2 h5 18. Reb1 h4 19. b4 g4 20.
Ne4 h3 21. bxc5 hxg2 22. a6 f5 23. axb7+ Bxb7 24. Rxa7 fxe4 25. Raxb7 Qxb7 26. Rxb7 Kxb7 27. Qxe4+ Ka7 28. Qa4+ Kb7 29. Qb5+ Ka7 30. Qb6+ Ka8 31. Qc6+ Ka7 32. Qc7+ Ka8 33. Qxe7 Rhe8 34. Qc7 Rc8 35. Qa5+ Kb7 36. Qb5+ Ka8 37. Qa6+ Kb8 38. Qb6+ Ka8 39.
Kxg2 e4 40. c6 Re7 41. d4 Rb8 42. Qc5 Ra7 43. d5 Ra2 44. d6 Rxc2 45. Qa5# 1-0

[Event "*** Titled Tuesday Blitz"]
[Site "Chess.com"]
[Date "2021.02.09"]
[Round "2"]
[White "SkippingLaptop"]
[Black "PavelChernomordik"]
[Result "0-1"]
[WhiteElo "2044"]
[BlackElo "2378"]
[TimeControl "180+1"]
[EndTime "10:17:44 PST"]
[Termination "PavelChernomordik won by resignation"]

1. d4 g6 2. c4 Bg7 3. Nc3 d6 4. e4 c6 5. f3 a6 6. a4 a5 7. Be3 Na6 8. Qd2 Nb4 9. Nge2 Nf6 10. Nc1 O-O 11. Be2 e5 12. Nb3 exd4 13. Nxd4 Re8 14. O-O d5 15. Rfd1 c5 16. Ndb5 d4 17. Bg5 Be6 18. Nd5 Bxd5 19. cxd5 Qb6 20. b3 Nd7 21.
Rac1 Rac8 22. Bf4 Ne5 23. Kh1 f5 24. exf5 Nxd5 25. Bc4 Nxc4 26. bxc4 Nxf4 27. Qxf4 Rf8 28. Qd6 Rc6 29. Qd5+ Kh8 30. fxg6 Rxg6 31. Re1 Qf6 32. Re4 Rd8 33. Qh5 d3 34. Rce1 d2 35. Re8+ Rxe8 36.
Rxe8+ Bf8 37. Rxf8+ Qxf8 38. Qe5+ Qf6 39. Qe8+ Rg8 0-1

[Event "*** Titled Tuesday Blitz"]
[Site "Chess.com"]
[Date "2021.02.09"]
[Round "2"]
[White "Mr_Sinigami"]
[Black "Happy1712Drummer"]
[Result "1-0"]
[WhiteElo "2647"]
[BlackElo "2366"]
[TimeControl "180+1"]
[EndTime "10:17:45 PST"]
[Termination "Mr_Sinigami won by resignation"]

1. d4 Nf6 2. Nf3 g6 3. Bf4 Bg7 4. e3 O-O 5. h3 d6 6. Be2 c5 7. c3 Qb6 8. Qb3 Be6 9. Qa3 Nc6 10. Nbd2 cxd4 11. exd4 Nd5 12. Bh2 Bh6 13. Nc4 Qc7 14. O-O b5 15. Ncd2 Rab8 16. Rac1 Nf4 17. Bxf4 Bxf4 18.
b3 Qb6 19. Qb2 a5 20. Rcd1 b4 21. c4 Bf5 22. Rfe1 a4 23. d5 a3 24. Qa1 Ne5 25. Nd4 Bd7 26. Nf1 Bh6 27. Qb1 Rfe8 28. Ng3 f5 29.
Bf1 Bg7 30. Nge2 Qc5 31. Nf4 Nxc4 32. Nde6 Bxe6 33. Nxe6 Nd2 34. Rxd2 Qc3 35. Rc2 1-0

[Event "*** Titled Tuesday Blitz"]
[Site "Chess.com"]
[Date "2021.02.09"]
[Round "2"]
[White "PSvidler"]
[Black "OriTaichman"]
[Result "1-0"]
[WhiteElo "2882"]
[BlackElo "2531"]
[TimeControl "180+1"]
[EndTime "10:17:47 PST"]
[Termination "PSvidler won by resignation"]

1. e4 c5 2. Nf3 Nc6 3. Bb5 d6 4. O-O Bd7 5. Re1 Nf6 6. c3 a6 7.
Bf1 Bg4 8. d4 Bxf3 9. gxf3 e5 10. d5 Ne7 11. f4 Ng6 12. f5 Ne7 13. Bg5 Nc8 14. a4 Be7 15. a5 Nd7 16. Be3 Bg5 17.
Nd2 Bxe3 18. Rxe3 g5 19. Nc4 h5 20. b4 Ke7 21. Rb1 b5 22. axb6 Ncxb6 23. Na5 Kf6 24. Nc6 Qc7 25. Rg3 h4 26. Re3 g4 27. Be2 Rhg8 28.
Bxg4 Rg5 29. h3 Nc4 30. Rd3 a5 31. bxa5 Nxa5 32. Ra1 Nxc6 33. Rxa8 Nd8 34. Rd2 Ke7 35. Rda2 Nb7 36. Qb1 c4 37. R2a7 Ndc5 38. Rxb7 Qxb7 39. Qxb7+ Nxb7 40. Ra7 Kf6 41. Rxb7 1-0

[Event "*** Titled Tuesday Blitz"]
[Site "Chess.com"]
[Date "2021.02.09"]
[Round "2"]
[White "karinachess1"]
[Black "Arseniy_Nesterov"]
[Result "0-1"]
[WhiteElo "2514"]
[BlackElo "2823"]
[TimeControl "180+1"]
[EndTime "10:17:47 PST"]
[Termination "Arseniy_Nesterov won by checkmate"]

1. c4 e5 2. Nc3 Bb4 3. Qc2 Nc6 4. Nf3 d6 5. Nd5 Bc5 6. e3 Nge7 7. a3 Nxd5 8. cxd5 Ne7 9. Bc4 O-O 10. O-O Bg4 11. Ng5 Ng6 12. Ne4 Bb6 13. h3 Bd7 14. Nc3 f5 15. a4 a6 16. a5 Ba7 17. Bd3 Nh4 18.
f4 exf4 19. Rxf4 Qg5 20. Rf2 f4 21. Ne4 Qh6 22. Qxc7 fxe3 23. dxe3 Rxf2 24. Nxf2 Qg5 25. Bf1 Qg3 26. Ne4 Nf3+ 27. Kh1 Qh2# 0-1

[Event "*** Titled Tuesday Blitz"]
[Site "Chess.com"]
[Date "2021.02.09"]
[Round "2"]
[White "Alohamora11"]
[Black "JiiHart"]
[Result "1-0"]
[WhiteElo "2478"]
[BlackElo "2094"]
[TimeControl "180+1"]
[EndTime "10:17:47 PST"]
[Termination "Alohamora11 won by resignation"]

1. e4 c5 2. Nf3 Nc6 3. d4 cxd4 4. Nxd4 Nf6 5. Nc3 d6 6. Bc4 e6 7.
Be3 a6 8. Qe2 Qc7 9. O-O-O Bd7 10. Rhg1 b5 11. Bb3 b4 12. Na4 Nxe4 13. Nxe6 fxe6 14.
Bb6 Qc8 15. Qxe4 Be7 16. Bd4 Nxd4 17. Qxd4 O-O 18. Nb6 Qc6 19. Ba4 Qxb6 20. Qxb6 Bxa4 21. Rxd6 Bxd6 22. Qxd6 Rxf2 23. b3 Bb5 24. Qxe6+ Kh8 25. Rd1 Raf8 26. Qe7 a5 27. Rd8 Rf1+ 28. Kb2 1-0

[Event "*** Titled Tuesday Blitz"]
[Site "Chess.com"]
[Date "2021.02.09"]
[Round "2"]
[White "Etud-otradnoe"]
[Black "Fighter008"]
[Result "0-1"]
[WhiteElo "2307"]
[BlackElo "2578"]
[TimeControl "180+1"]
[EndTime "10:17:47 PST"]
[Termination "Fighter008 won on time"]

1. e4 c5 2. c3 Nf6 3. e5 Nd5 4. d4 cxd4 5. Nf3 d6 6. cxd4 Nc6 7. Bc4 Nb6 8. Bb5 d5 9. Nh4 e6 10. Nf3 Bd7 11. Nc3 Na5 12. Bd3 Be7 13. h4 h6 14.
h5 Nc6 15. Rh3 Nb4 16. Bb1 Rc8 17. Rg3 Bf8 18. Qd2 Nc4 19. Qf4 Qe7 20. Kf1 Kd8 21.
Ng1 Kc7 22. Nge2 Kb8 23. Rf3 Be8 24. g4 Ka8 25. Kg2 Rg8 26. b3 Nb6 27. a3 Na6 28.
Ra2 Qd8 29. Bh7 Rh8 30. Bd3 Be7 31. Rc2 Nb8 32. Qd2 a6 33. Bb2 Nc6 34. Qc1 g5 35. b4 f6 36. exf6 Bxf6 0-1

[Event "*** Titled Tuesday Blitz"]
[Site "Chess.com"]
[Date "2021.02.09"]
[Round "2"]
[White "yoelpolanco"]
[Black "SanQui14"]
[Result "0-1"]
[WhiteElo "2212"]
[BlackElo "2443"]
[TimeControl "180+1"]
[EndTime "10:17:47 PST"]
[Termination "SanQui14 won on time"]

1. d4 Nf6 2. c4 e6 3. Nc3 Bb4 4. Qc2 b6 5. a3 Bxc3+ 6. Qxc3 Bb7 7. Bg5 h6 8. Bh4 g5 9. Bg3 Ne4 10. Qc2 d6 11. e3 h5 12. f3 Nxg3 13. hxg3 Qf6 14.
Bd3 Nd7 15. Be4 Bxe4 16. Qxe4 Ke7 17. Ne2 c5 18. O-O-O cxd4 19. Rxd4 Rac8 20. Rhd1 d5 21. Rxd5 Nc5 22. Qe5 Qxe5 23. Rxe5 f6 24. Rxc5 Rxc5 25. Nc3 Rxc4 26. Kb1 Rd8 27. Rh1 h4 28. gxh4 Rxh4 29.
Rc1 Rd2 30. Ne4 Rxg2 31. Rc7+ Kf8 32. Nxf6 Rhh2 33. Rxa7 Rxb2+ 34. Kc1 Rbc2+ 35. Kb1 Rcf2 36. Nh7+ Ke8 37. Nf6+ Kd8 38. Rd7+ Kc8 39. Rd1 Rxf3 40.
Ng4 Rg2 41. Rc1+ Kb7 42. Rc4 Rf1+ 0-1

[Event "*** Titled Tuesday Blitz"]
[Site "Chess.com"]
[Date "2021.02.09"]
[Round "2"]
[White "hansen"]
[Black "Natalya_Buksa"]
[Result "1-0"]
[WhiteElo "2952"]
[BlackElo "2563"]
[TimeControl "180+1"]
[EndTime "10:17:49 PST"]
[Termination "hansen won by checkmate"]

1. e4 c5 2. Nf3 Nc6 3. Bb5 g6 4. O-O Bg7 5. Re1 e5 6. Bxc6 dxc6 7. d3 Qe7 8. a3 Nf6 9. b4 Nd7 10. Be3 cxb4 11. axb4 Qxb4 12. Nbd2 O-O 13. Nc4 Re8 14. c3 Qxc3 15. Qb1 Bf8 16. Bd2 Qxa1 17. Qxa1 f6 18.
d4 exd4 19. Qxd4 Nc5 20. Bc3 Be7 21. e5 Rd8 22. Qh4 Nd3 23. exf6 Nxe1 24. fxe7 Nxf3+ 25. gxf3 Rd1+ 26. Kg2 Bh3+ 27. Qxh3 Kf7 28. Qxh7+ Ke6 29. Qxg6+ Kxe7 30. Bb4+ Kd7 31. Qf7+ Kc8 32. Nd6+ Kd8 33.
Nxb7+ Kc8 34. Nd6+ Kd8 35. Ba5# 1-0

[Event "*** Titled Tuesday Blitz"]
[Site "Chess.com"]
[Date "2021.02.09"]
[Round "2"]
[White "zmeeed67"]
[Black "juancruzarias"]
[Result "0-1"]
[WhiteElo "2324"]
[BlackElo "2628"]
[TimeControl "180+1"]
[EndTime "10:17:51 PST"]
[Termination "juancruzarias won by resignation"]

1. d4 e6 2. c4 f5 3. g3 Nf6 4.
Bg2 c6 5. Nc3 d5 6. Bf4 Be7 7.
Nf3 O-O 8. O-O Ne4 9. Ne5 Nd7 10. Nxe4 fxe4 11. f3 exf3 12. Bxf3 Nxe5 13. Bxe5 Bd6 14. Bxd6 Qxd6 15. Qb3 dxc4 16. Qxc4 Bd7 17. Rad1 Rad8 18. Rd3 Be8 19. Rfd1 Bg6 20. R3d2 h6 21. Qc5 a6 22. Kg2 Kh7 23. b4 Rf7 24. a4 Rfd7 25. Qc3 Qe7 26. a5 Qf6 27. Qc5 Kh8 28. e3 Rf7 29. Bg4 Be4+ 30.
Kg1 Bd5 31. Qc2 Qg5 32. Rf2 Rxf2 33. Qxf2 Qxg4 34. Rf1 Qe4 0-1

[Event "*** Titled Tuesday Blitz"]
[Site "Chess.com"]
[Date "2021.02.09"]
[Round "2"]
[White "Gulkov_Igor"]
[Black "ondoko"]
[Result "1-0"]
[WhiteElo "2504"]
[BlackElo "2223"]
[TimeControl "180+1"]
[EndTime "10:17:51 PST"]
[Termination "Gulkov_Igor won by resignation"]

1. Nf3 d5 2. d4 Nf6 3. c4 e6 4.
Nc3 Be7 5. Bg5 h6 6. Bh4 O-O 7. e3 b6 8. Rc1 Bb7 9. Bxf6 Bxf6 10. cxd5 exd5 11. Bd3 c5 12. O-O Nd7 13. Bf5 g6 14. Bxd7 Qxd7 15. dxc5 bxc5 16. Ne4 Bxb2 17. Nxc5 Qe7 18.
Rb1 Qxc5 19. Rxb2 Ba6 20. Re1 Rab8 21. Qd2 Rxb2 22. Qxb2 Rc8 23. Nd4 Qc3 24. Qxc3 Rxc3 25. Ra1 Ra3 26. Nc2 Ra4 27. a3 Kf8 28. h3 Ke7 29.
Nd4 Kd6 30. Kh2 Bc4 31. h4 Kc5 32. Kg3 Ra6 33. f3 Rb6 34. Rc1 Rb2 35. Rc3 a5 36. Kh3 a4 37. g4 f5 38. gxf5 gxf5 39. Kg3 Rb1 40. Kf4 Rh1 41. Nxf5 Rb1 42. Nd4 1-0

[Event "*** Titled Tuesday Blitz"]
[Site "Chess.com"]
[Date "2021.02.09"]
[Round "2"]
[White "Vanina1989"]
[Black "boasovietica"]
[Result "1-0"]
[WhiteElo "2698"]
[BlackElo "2470"]
[TimeControl "180+1"]
[EndTime "10:17:52 PST"]
[Termination "Vanina1989 won by resignation"]

1. d4 Nf6 2. c4 e6 3. Nf3 d5 4. Nc3 Nbd7 5. Bg5 c6 6. e3 Qa5 7.
Nd2 Bb4 8. Qc2 O-O 9. Be2 e5 10. Nb3 Qc7 11. O-O exd4 12. Nxd4 Bxc3 13. bxc3 dxc4 14. Bxc4 Qe5 15. Bf4 Qc5 16. Bb3 Nb6 17. Rad1 Nh5 18. Bg3 Nxg3 19. hxg3 Nd5 20. Bxd5 Qxd5 21.
c4 Qe5 22. c5 Re8 23. Rb1 Qc7 24. Qb2 Rb8 25. Qa3 a6 26. Rb6 Ra8 27. Rfb1 Ra7 28.
Qb2 Qe5 29. Qc2 h5 30. R1b4 g6 31. Nf3 Qe7 32. Rd4 Rd8 33. Rbb4 Rxd4 34. Rxd4 Be6 35. Rd6 Ra8 36. e4 Rd8 37. e5 Bd5 38. Nd4 Rxd6 39. exd6 Qe1+ 40. Kh2 Qe4 41. Qxe4 Bxe4 42. d7 1-0

[Event "*** Titled Tuesday Blitz"]
[Site "Chess.com"]
[Date "2021.02.09"]
[Round "2"]
[White "sopo-tereladze"]
[Black "chenxiaoyuer"]
[Result "1/2-1/2"]
[WhiteElo "2296"]
[BlackElo "2502"]
[TimeControl "180+1"]
[EndTime "10:17:52 PST"]
[Termination "Game drawn by repetition"]

1. d4 Nf6 2. Nf3 g6 3. Nc3 d5 4. Bg5 Bg7 5. Bxf6 exf6 6. e4 dxe4 7. Nxe4 O-O 8. Be2 f5 9. Ng3 Re8 10. Qd2 Qd6 11. O-O-O Nc6 12. c3 Rb8 13. h4 b5 14.
h5 f4 15. Nf1 b4 16. hxg6 hxg6 17. c4 Nxd4 18. Nxd4 Qxd4 19. Qxd4 Bxd4 20. Rxd4 Rxe2 21. Rd8+ Kg7 22. Nd2 Rxf2 23. Rhh8 Rxg2 24. Ne4 f5 25. Rhg8+ Kf7 26. Rgf8+ Ke7 27. Rfe8+ Kf7 28. Rf8+ Ke6 29. Rfe8+ Kf7 30. Rf8+ 1/2-1/2

[Event "*** Titled Tuesday Blitz"]
[Site "Chess.com"]
[Date "2021.02.09"]
[Round "2"]
[White "GMBenjaminBok"]
[Black "FMJoseHerrera"]
[Result "0-1"]
[WhiteElo "2998"]
[BlackElo "2594"]
[TimeControl "180+1"]
[EndTime "10:17:53 PST"]
[Termination "FMJoseHerrera won by checkmate"]

1. d4 Nf6 2. c4 c5 3. Nf3 g6 4. g3 Bg7 5. Bg2 cxd4 6. Nxd4 h5 7. Nc3 h4 8. Bg5 hxg3 9. hxg3 Rxh1+ 10. Bxh1 Nc6 11.
Qd2 Qa5 12. Nb3 Qf5 13. Nb5 Kf8 14. Nc7 Rb8 15. Nd5 Ne4 16. Bxe4 Qxe4 17. O-O-O Qxc4+ 18. Kb1 d6 19. Nxe7 Qe4+ 20. Ka1 Nb4 21. Rc1 Nxa2 22. Rxc8+ Rxc8 23. Nxc8 Qa4 24. Qxd6+ Kg8 25. Ne7+ Kh7 26. Kb1 Qxb3 27. Bf6 Nb4 28. Qd2 Bxf6 29. Nc8 Qa2+ 30.
Kc1 Qa1# 0-1

[Event "*** Titled Tuesday Blitz"]
[Site "Chess.com"]
[Date "2021.02.09"]
[Round "2"]
[White "AttackSparrow"]
[Black "OlifantCZ"]
[Result "1-0"]
[WhiteElo "2462"]
[BlackElo "2248"]
[TimeControl "180+1"]
[EndTime "10:17:54 PST"]
[Termination "AttackSparrow won by resignation"]

1. e4 e6 2. d4 d5 3. Bd3 dxe4 4. Bxe4 Nf6 5. Bf3 Nbd7 6. Ne2 Be7 7. O-O O-O 8. Ng3 c5 9. dxc5 Nxc5 10. Qe2 Qc7 11.
Nc3 a6 12. Nge4 Ncxe4 13. Nxe4 Bd7 14. Bg5 Bc6 15. Nxf6+ Bxf6 16. Bxf6 gxf6 17. c3 Kh8 18. g3 Rg8 19. Rad1 Rg7 20. Rfe1 Rag8 21. Bxc6 Qxc6 22.
Rd3 f5 23. Qe5 h5 24. Red1 h4 25. Rd4 Rf8 26. Rxh4+ Kg8 27. Qf4 Rg6 28. Qd4 f6 29. Qd7 Qxd7 30. Rxd7 Rg7 31. Rhd4 Rff7 32. Rd8+ Kh7 33.
R4d6 e5 34. Re6 f4 35. Rdd6 fxg3 36. hxg3 Rg6 37. Rb6 Kg7 38. a4 Rg5 39. a5 Kg6 40. Kg2 Kf5 41. Re8 Ke4 42. Rb8 Rgg7 43. Rd8 Rd7 44. Rxd7 Rxd7 45. Rxf6 Rd5 46. Rb6 Rxa5 47. Rxb7 Ra2 48. g4 a5 49. Kg3 a4 50. f3+ Kd5 51. g5 a3 52. bxa3 Rxa3 53. Rc7 Kd6 54.
Rc8 Ke6 55. Kg4 Ra1 56. Rc6+ Kd5 57. Rc8 Rf1 58. g6 e4 59. fxe4+ Kxe4 60. Kg5 Ke5 61. Re8+ Kd6 62. g7 1-0

[Event "*** Titled Tuesday Blitz"]
[Site "Chess.com"]
[Date "2021.02.09"]
[Round "2"]
[White "GameOverBro"]
[Black "bennyficial"]
[Result "1-0"]
[WhiteElo "2425"]
[BlackElo "2195"]
[TimeControl "180+1"]
[EndTime "10:17:54 PST"]
[Termination "GameOverBro won by checkmate"]

1. e4 c5 2. Ne2 Nc6 3. Nbc3 e5 4.
Ng3 Nf6 5. Bc4 Be7 6. d3 a6 7. a4 d6 8. f4 Bg4 9. Qd2 Nd4 10. O-O exf4 11. Rxf4 Be6 12. h3 Bxc4 13. dxc4 O-O 14. Rf1 b6 15. Qf2 Rb8 16. Be3 Nc6 17. Nf5 Ne5 18. b3 b5 19. cxb5 axb5 20. Bg5 Ned7 21.
axb5 h6 22. Bh4 d5 23. Nxe7+ Qxe7 24. Nxd5 Qxe4 25. Nxf6+ Nxf6 26. Bxf6 gxf6 27. Qxf6 Qd4+ 28. Kh1 Qxf6 29. Rxf6 Rxb5 30. Rxh6 Kg7 31. Rc6 Re8 32. Rf1 Re2 33. Rc7 Rxc2 34. Rcxf7+ Kg6 35. R1f6+ Kg5 36. Rf5+ Kg6 37. R5f6+ Kg5 38. Rf4 Rxb3 39. Rg4+ Kh6 40. Rf8 Kh7 41. Rf5 Kh6 42. Kh2 Rb6 43. Rf8 Kh7 44. Rf7+ Kh6 45. Rf3 c4 46. Rfg3 c3 47.
Rh4# 1-0

[Event "*** Titled Tuesday Blitz"]
[Site "Chess.com"]
[Date "2021.02.09"]
[Round "2"]
[White "VFernandezB"]
[Black "zim0ne"]
[Result "0-1"]
[WhiteElo "2291"]
[BlackElo "2534"]
[TimeControl "180+1"]
[EndTime "10:17:55 PST"]
[Termination "zim0ne won by resignation"]

1. e4 e5 2. Nf3 Nc6 3. Bc4 Bc5 4. b4 Bxb4 5. c3 Ba5 6. d4 d6 7. Qb3 Qd7 8. O-O Bb6 9. dxe5 Na5 10. Qb4 Nxc4 11.
Qxc4 Qe6 12. Nbd2 dxe5 13. Qxe6+ Bxe6 14. Nxe5 O-O-O 15. Ndc4 Bc5 16. Be3 Bxe3 17. Nxe3 f6 18. Nf3 Ne7 19. Nd4 Bf7 20. a4 Rhe8 21. a5 a6 22. Rfe1 c5 23. Ndf5 g6 24. Nxe7+ Rxe7 25.
f3 Rd3 26. Rac1 f5 27. Nd5 Bxd5 28. exd5 Rxe1+ 29. Rxe1 Rxd5 30. Re8+ Kc7 31. Re7+ Rd7 32. Re6 Rd3 33. Re7+ Kc6 34. Rxh7 Rxc3 35. Rh6 c4 36.
Rxg6+ Kc5 37. h4 Rc1+ 38. Kh2 c3 39. Rg8 c2 40. h5 Rh1+ 41. Kxh1 c1=Q+ 42. Kh2 Qf4+ 43. Kh3 b5 44. axb6 Kxb6 45. Rg6+ Kb5 46. h6 Qc7 47. Rg7 Qd6 48. Rb7+ Kc6 49. Rc7+ Kxc7 0-1

[Event "*** Titled Tuesday Blitz"]
[Site "Chess.com"]
[Date "2021.02.09"]
[Round "2"]
[White "Federtiu"]
[Black "FairChess_on_YouTube"]
[Result "0-1"]
[WhiteElo "2560"]
[BlackElo "2948"]
[TimeControl "180+1"]
[EndTime "10:17:57 PST"]
[Termination "FairChess_on_YouTube won on time"]

1. g3 d5 2. Bg2 e5 3. d3 Nf6 4.
Nf3 Bd6 5. Nc3 O-O 6. O-O c6 7. e4 h6 8. h3 Re8 9. Re1 d4 10. Ne2 c5 11. Nd2 Nc6 12. f4 Rb8 13. Nf3 b5 14. f5 c4 15. g4 Nh7 16. h4 Be7 17. g5 hxg5 18. hxg5 Nxg5 19. Ng3 Rb6 20. Nh5 Nb4 21.
Nxg5 Bxg5 22. a3 Bxc1 23. Qxc1 Nxc2 24. Qxc2 Qg5 25. dxc4 bxc4 26. Nxg7 Kxg7 27. Rf1 Rh8 28.
Rf3 Rh4 29. Raf1 Bb7 30. f6+ Kh6 0-1

[Event "*** Titled Tuesday Blitz"]
[Site "Chess.com"]
[Date "2021.02.09"]
[Round "2"]
[White "DrVelja"]
[Black "ErikBlomqvist"]
[Result "1-0"]
[WhiteElo "2829"]
[BlackElo "2515"]
[TimeControl "180+1"]
[EndTime "10:17:58 PST"]
[Termination "DrVelja won by resignation"]

1. g3 c5 2. Bg2 Nc6 3. b3 e5 4.
c4 g6 5. Nc3 Bg7 6. Bb2 Nge7 7.
d3 d6 8. Nf3 O-O 9. O-O h6 10.
Nd2 f5 11. Nd5 Nxd5 12. cxd5 Ne7 13. a3 a5 14. a4 g5 15. Nc4 b6 16. f4 exf4 17. Bxg7 Kxg7 18. gxf4 Ng6 19. e3 Rb8 20. Qd2 Qf6 21. Rae1 Bd7 22. Bh3 b5 23. axb5 Rxb5 24.
fxg5 hxg5 25. e4 Nf4 26. Rxf4 gxf4 27. Qxf4 Rxb3 28. Nxd6 Rxd3 29. Bxf5 Rh8 30. Qg4+ Kf8 31. e5 Qh4 32. Qxh4 Rxh4 33. Bxd3 1-0